 Dungeon Crawl Stone Soup version 0.28-a0-1616-g050a50673c (webtiles) character file.

Game seed: 2176406573710549337

424754 freelancePsychic the Cryomancer (level 22, -13/163 HPs)
             Began as a Demonspawn Conjurer on Jan 22, 2022.
             Was the Champion of Vehumet.
             Mangled by a death cob (16 damage)
             ... on level 1 of the Realm of Zot.
             The game lasted 01:57:52 (48332 turns).

freelancePsychic the Cryomancer (DsCj)             Turns: 48332, Time: 01:57:53

Health: -13/163    AC: 21    Str: 10    XL:     22   Next: 40%
Magic:  39/39      EV:  9    Int: 31    God:    Vehumet [******]
Gold:   158        SH:  0    Dex: 19    Spells: 14/47 levels left

rFire   + . .      SeeInvis +   C - staff of fire
rCold   + + .      Faith    .   z - +0 kite shield {reflect}
rNeg    + + .      Spirit   .   w - +4 troll leather armour
rPois   +          Reflect  +   Q - +2 hood of the Assassin {Detection Stab+ Stlth++}
rElec   .          Harm     .   (cloak unavailable)
rCorr   +          Rampage  +   t - +1 pair of gloves {Dex+3}
Will    ++...                   F - +2 pair of boots {rampage}
Stlth   +++.......              H - amulet "Zent" {RegenMP Int+3 Dex+4 Slay+2 Stlth-}
HPRegen 1.17/turn               h - ring of Ocit {rPois rN++ Will+}
MPRegen 0.66/turn               R - ring "Qaecon" {*Slow +Blink rC++ rCorr SInv}

@: mighty, slightly contaminated, held, slowed, studying 2 skills, very slow
A: demonic guardian 1, powered by pain 3, sharp scales 3, corrupting presence 1,
weakness stinger 3, large bone plates 1, frail 1
}: 3/15 runes: barnacled, slimy, gossamer
a: Renounce Religion, Evoke Blink


You were on level 1 of the Realm of Zot.
You worshipped Vehumet.
Vehumet was exalted by your worship.
You visited 10 branches of the dungeon, and saw 48 of its levels.
You also visited: Gauntlet and Ice Cave.

You collected 5466 gold pieces.
You spent 5308 gold pieces at shops.

Inventory:

Missiles
 m - 5 throwing nets
Armour
 t - a +1 pair of gloves of dexterity (worn)
 w - a +4 troll leather armour (worn)
 z - a +0 kite shield of reflection (worn)
 F - a +2 pair of boots of rampaging (worn)
 Q - the +2 hood of the Assassin (worn) {Detection Stab+ Stlth++}
   (You bought it in a shop on level 2 of the Orcish Mines)

   It allows the wearer to sense nearby creatures.
   It allows the wearer to make particularly effective stabbing attacks against
   helpless or unaware enemies with any weapon.
   Stlth:     It makes you much more stealthy.
Magical Staves
 l - a staff of cold
 C - a staff of fire (weapon)
Jewellery
 a - an amulet of the acrobat
 h - the ring of Ocit (left hand) {rPois rN++ Will+}
   (You took it off a deep elf blademaster on level 3 of the Elven Halls)

   [ring of poison resistance]

   rPois:     It protects you from poison.
   rN:        It greatly protects you from negative energy.
   Will:      It increases your willpower.
 H - the amulet "Zent" (around neck) {RegenMP Int+3 Dex+4 Slay+2 Stlth-}
   (You took it off a deep elf high priest on level 3 of the Elven Halls)

   [amulet of magic regeneration]

   It increases your rate of magic regeneration.
   Int:       It affects your intelligence (+3).
   Dex:       It affects your dexterity (+4).
   Slay:      It affects your accuracy & damage with ranged weapons and melee
   (+2).
   Stlth:     It makes you less stealthy.
 P - a +6 ring of intelligence
 R - the ring "Qaecon" (right hand) {*Slow +Blink rC++ rCorr SInv}
   (You found it in a Gauntlet)

   [ring of resist corrosion]

   rC:        It greatly protects you from cold.
   SInv:      It lets you see invisible.
   +Blink:    It lets you blink.
   rCorr:     It protects you from acid and corrosion.
   *Slow:     It may slow you when you take damage.
 T - an amulet of guardian spirit
 W - a +6 ring of intelligence
 Z - a ring of ice
Wands
 j - a wand of mindburst (14)
 s - a wand of flame (54)
 A - a wand of iceblast (19)
 E - a wand of polymorph (17)
 S - a wand of acid (25)
 X - a wand of charming (8)
 Y - a wand of paralysis (10)
Scrolls
 b - 2 scrolls of immolation
 d - 5 scrolls of blinking
 n - 20 scrolls of teleportation {@r4}
 q - 7 scrolls of fog
 u - 3 scrolls of summoning
 y - a scroll of amnesia
 B - 7 scrolls of fear
 J - 8 scrolls of identify {@r1}
 M - 2 scrolls of enchant weapon
 O - a scroll of enchant armour
 U - 7 scrolls of magic mapping
 V - a scroll of brand weapon
Potions
 c - 5 potions of mutation
 e - 7 potions of attraction
 f - 3 potions of magic
 i - 2 potions of berserk rage
 k - 15 potions of curing {@q1}
 o - 7 potions of cancellation
 p - 10 potions of lignification
 r - a potion of heal wounds {@q2}
 v - 6 potions of might
 x - 8 potions of flight
 D - 9 potions of haste {@q3}
 G - 4 potions of resistance
 I - 3 potions of degeneration
 K - 9 potions of ambrosia
 L - 3 potions of brilliance
 N - a potion of invisibility
Miscellaneous
 g - a phantom mirror


   Skills:
 + Level 17.4 Fighting
 - Level 12.5 Armour
 - Level 11.1 Dodging
 - Level 1.7 Stealth
 - Level 14.3 Shields
 + Level 13.1 Spellcasting
 - Level 10.0 Conjurations
 + Level 9.5 Transmutations
 - Level 3.0 Fire Magic
 - Level 24.1 Ice Magic
 - Level 6.5 Air Magic


You had 14 spell levels left.
You knew the following spells:

 Your Spells              Type           Power      Damage    Failure   Level
a - Orb of Destruction    Conj           35%        9d10      19%         7
b - Polar Vortex          Ice            53%        N/A       8%          9
c - Freezing Cloud        Conj/Ice/Air   40%        6-21      1%          5
e - Ozocubu's Refrigerat  Ice            53%        4d15      1%          7
h - Irradiate             Conj/Tmut      34%        3d25      1%          5

Your spell library contained the following spells:

 Spells                   Type           Power      Damage    Failure   Level
 Chain Lightning          Conj/Air       32%        3d42      100%        9
 Fire Storm               Conj/Fire      37%        8d9       100%        9
 Shatter                  Erth           10%        3d11*     100%        9
 Freeze                   Ice            100%       1d11      0%          1
 Frozen Ramparts          Ice            100%       1d12      0%          3
 Ozocubu's Armour         Ice            100%       N/A       0%          3
 Beastly Appendage        Tmut           100%       N/A       1%          1
 Foxfire                  Conj/Fire      100%       2x1d9     1%          1
 Magic Dart               Conj           100%       1d8       1%          1
 Sandblast                Erth           40%        2d10      1%          1
 Sting                    Tmut/Pois      100%       1d8       1%          1
 Passwall                 Tmut/Erth      40%        N/A       1%          2
 Scorch                   Fire           100%       2d10      1%          2
 Searing Ray              Conj           100%       2d8       1%          2
 Static Discharge         Conj/Air       64%        N/A       1%          2
 Wereblood                Tmut           68%        N/A       1%          2
 Conjure Flame            Conj/Fire      74%        6-21      1%          3
 Dazzling Flash           Conj/Hex       100%       N/A       1%          3
 Ignite Poison            Fire/Tmut/Pois 62%        N/A       1%          3
 Stone Arrow              Conj/Erth      100%       3d13      1%          3
 Flame Wave               Conj/Fire      74%        2d13      1%          4
 Fulminant Prism          Conj/Hex       25%        3d14      1%          4
 Hailstorm                Conj/Ice       90%        3d18      1%          4
 Ice Form                 Ice/Tmut       90%        N/A       1%          4
 Iskenderun's Mystic Bla  Conj/Tloc      50%        2d11      1%          4
 Sticky Flame             Conj/Fire      74%        2d9       1%          4
 Lightning Bolt           Conj/Air       32%        1d49      1%          5
 Metabolic Englaciation   Hex/Ice        38%        N/A       1%          5
 Corpse Rot               Necr/Air       80%        N/A       2%          2
 Inner Flame              Hex/Fire       44%        N/A       2%          3
 Spider Form              Tmut/Pois      49%        N/A       2%          3
 Blade Hands              Tmut           34%        N/A       3%          5
 Animate Skeleton         Necr           40%        N/A       5%          1
 Pain                     Necr           80%        1d8       5%          1
 Summon Small Mammal      Summ           80%        N/A       5%          1
 Simulacrum               Ice/Necr       38%        N/A       6%          6
 Petrify                  Tmut/Erth      49%        N/A       8%          4
 Call Canine Familiar     Summ           20%        N/A       16%         3
 Gell's Gravitas          Tloc           20%        N/A       16%         3
 Portal Projectile        Hex/Tloc       40%        N/A       16%         3
 Summon Guardian Golem    Hex/Summ       20%        N/A       16%         3
 Teleport Other           Tloc           20%        N/A       16%         3
 Vampiric Draining        Necr           20%        2d7       16%         3
 Eringya's Noxious Bog    Tmut/Pois      24%        N/A       28%         6
 Animate Armour           Summ/Erth      40%        N/A       47%         4
 Animate Dead             Necr           10%        N/A       47%         4
 Cause Fear               Hex            10%        N/A       47%         4
 Dispel Undead            Necr           20%        3d11      47%         4
 Leda's Liquefaction      Hex/Erth       10%        N/A       47%         4
 Dragon Form              Tmut           34%        N/A       65%         7
 Statue Form              Tmut/Erth      32%        N/A       75%         6
 Agony                    Necr           20%        N/A       83%         5
 Excruciating Wounds      Necr           10%        N/A       83%         5
 Summon Forest            Summ/Tloc      10%        N/A       83%         5
 Summon Mana Viper        Hex/Summ       20%        N/A       83%         5
 Maxwell's Capacitive Co  Air            28%        โˆž       99%         8
 Death Channel            Necr           10%        N/A       100%        6
 Dispersal                Tloc           10%        N/A       100%        6
 Summon Cactus Giant      Summ           10%        N/A       100%        6
 Haunt                    Necr/Summ      10%        N/A       100%        7
 Discord                  Hex            10%        N/A       100%        8
 Ignition                 Fire           28%        3d9       100%        8
 Infestation              Necr           10%        N/A       100%        8
 Lehudib's Crystal Spear  Conj/Erth      25%        10d7      100%        8
 Dragon's Call            Summ           10%        N/A       100%        9


Dungeon Overview and Level Annotations

Branches:
Dungeon (15/15)            Temple (0/1) D:4            Lair (6/6) D:9
 Shoals (4/4) Lair:4       Spider (4/4) Lair:4        Slime (5/5) Lair:5
    Orc (2/2) D:12            Elf (3/3) Orc:2        Vaults (4/5) D:14
  Crypt (0/3) Vaults:2     Depths (4/4) D:15            Zot (1/5) Depths:4
  IceCv (visited)         Gauntlet (visited)

Altars:
Dithmenos
Elyvilon
Fedhas
Hepliaklqana
Kikubaaqudgha
Nemelex Xobeh
Ru
Trog
Vehumet
Yredelemnul
Jiyva

Shops:
D:6 *   D:8 [   D:10 (   D:13 (   Orc:2 [*[?   Elf:1 (   Elf:2 !   Shoals:1 =
Vaults:1 (

Portals:
Abyss: Depths:1

Annotations:
D:3 1 runed translucent door, Crazy Yiuf
D:4 3 runed translucent doors, Eustachio; knot's ghost, amateur DsBe
D:5 exclusion: downstairs
D:6 1 runed translucent door, exclusion: steam dragon
D:8 Erica
D:10 Sonja
Shoals:2 exclusion: oklob plant
Elf:2 3 runed translucent doors


Innate Abilities, Weirdness & Mutations

A weak demonic guardian rushes to your aid.
You are powered by pain.
You are completely covered in razor-sharp scales. (AC +3, Slay +3)
Your presence sometimes corrodes those you injure.
You have a sharp stinger which inflicts weakening toxins.
You are partially covered in large bone plates. (SH +4)
You are frail. (-10% HP)


Message History

You destroy the death cob!
Vehumet accepts your kill.
You feel your power returning.
The death cob is blasted with magical radiation!!!
You destroy the death cob!
Vehumet accepts your kill.
You feel your power returning. The winds around you calm down.
The death cob misses you. The death cob hits you!
A demonic guardian appears!
The death cob hits you but does no damage.
The death cob barely misses you. The death cob hits you!
* * * LOW HITPOINT WARNING * * *
The death cob drains your vigour!
You feel as though you will be slow longer.
Casting: Irradiate (mildly dangerous; 1% risk of failure)
Confirm with . or Enter, or press ? or * to list all spells.
Really irradiate near your soul eater?
You erupt in a fountain of uncontrolled magic!
Your demonic guardian avoids your attack.
Your soul eater is blasted with magical radiation!
Your soul eater is moderately wounded.
Your soul eater twists and deforms.
The death cob is blasted with magical radiation!
The death cob is heavily damaged.
The death cob is blasted with magical radiation!!!
The death cob is heavily damaged.
You are lightly contaminated with residual magic.
The death cob hits you!
* * * LOW HITPOINT WARNING * * *
The death cob drains your vigour!
You feel as though you will be slow longer.
The death cob hits you but does no damage. x2
The death cob hits you!!
* * * LOW HITPOINT WARNING * * *
You focus on the pain.
You feel your power returning. The death cob drains your vigour!
You feel as though you will be slow longer.
The death cob hits you but does no damage.
The death cob hits you!
You die...

#+++#
##...##
##.).^.##
#^^3.)..#
#.^)@z^.#
#...zz^^#
##^.^..##
##...##
#.8.#
#...#
#.โ‰ˆ.#
ยง...โ‰ˆ


You could see 3 death cobs and a friendly soul eater (summoned, misshapen).

Vanquished Creatures
  the Royal Jelly (Slime:5)
  Sojobo (Vaults:3)
  Bai Suzhen (Spider:4)
  Saint Roka (Vaults:3)
  2 golden dragons
  2 deep elf blademasters (Elf:3)
  A deep elf master archer (Elf:3)
  11 acid blobs (Slime:5)
  4 sphinxes
  3 death cobs (Zot:1)
  2 krakens
  Kirke (Lair:5)
  2 tengu reavers (Vaults:3)
  A storm dragon (shapeshifter) (Vaults:3)
  Donald (Shoals:2)
  A draconian monk (Zot:1)
  8 rockslimes (Slime:5)
  8 azure jellies (Slime:5)
  A draconian knight (Depths:4)
  12 deep elf sorcerers
  A frost giant (Depths:3)
  4 emperor scorpions (Spider:4)
  3 orc warlords
  Aizul (Spider:2)
  4 ghost moths
  9 deep elf elementalists
  10 vault wardens
  3 broodmothers
  11 quicksilver oozes (Slime:5)
  6 very ugly things
  17 ironbound preservers
  A war gargoyle (Vaults:4)
  2 stone giants
  8 ironbound thunderhulks
  6 grey draconians (Zot:1)
  A minotaur (Gauntlet)
  A yellow draconian (Depths:4)
  6 deep elf demonologists
  7 deep elf annihilators (Elf:3)
  10 dire elephants
  5 entropy weavers
  4 spark wasps
  A purple draconian (Depths:4)
  7 deep elf death magi
  7 merfolk javelineers (Shoals:4)
  13 merfolk impalers
  3 crystal guardians (Vaults:3)
  Snorg (Lair:5)
  3 ettins
  7 fire dragons
  Fannar (Orc:1)
  3 ice dragons
  11 deep elf high priests
  6 great orbs of eyes
  11 yaktaur captains
  Harold (D:9)
  A rakshasa (Depths:3)
  6 vault guards
  A hell beast (Gauntlet)
  5 hydras
  A jorogumo (Spider:4)
  2 peacekeepers (Vaults:3)
  A radroach (Spider:4)
  A spriggan air mage (Depths:1)
  8 boulder beetles
  Erolcha (Orc:1)
  5 merfolk avatars
  An ogre mage (D:14)
  2 satyrs (Shoals:4)
  24 centaur warriors
  17 dancing weapons
  6 ironbound frosthearts
  2 tengu warriors (Depths:3)
  An alligator snapping turtle (Shoals:4)
  6 two-headed ogres
  11 merfolk aquamancers
  A deep troll earth mage (Depths:3)
  4 deep troll shamans
  Urug (Lair:3)
  3 orc high priests (Orc:2)
  Nergalle (D:10)
  8 pharaoh ants
  3 sun moths
  An iron troll (Depths:3)
  10 deep elf knights
  15 sea snakes
  8 skeletal warriors
  8 steelbarb worms
  15 deep elf archers
  14 ironbound convokers
  A swamp dragon (Lair:6)
  59 deep trolls
  5 glowing orange brains
  13 orb spiders
  6 wizards
  11 lindwurms
  32 deep elf pyromancers
  19 deep elf zephyrmancers
  15 orc knights
  3 necromancers
  10 harpies
  16 manticores
  7 fauns
  29 ugly things
  4 orc sorcerers
  19 wolf spiders
  10 cyclopes
  An ice statue (IceCv)
  3 shining eyes
  14 elephants
  8 merfolk sirens
  4 black mambas
  3 moths of wrath
  A titan simulacrum (Vaults:4)
  16 vault sentinels
  5 water nymphs
  A stone giant skeleton (Vaults:4)
  Joseph (D:9)
  5 cane toads
  11 torpor snails
  A gargoyle (D:14)
  A rime drake (Lair:3)
  An unseen horror (D:13)
  9 komodo dragons
  47 yaktaurs
  A kobold demonologist (D:10)
  An efreet (D:13)
  12 demonic crawlers
  2 tengu conjurers (D:14)
  A yaktaur skeleton (Vaults:4)
  19 merfolk
  3 trolls
  16 meliai
  A wind drake (Shoals:1)
  26 tarantellas
  2 polar bears
  17 hornets
  14 blink frogs
  A wind drake (shapeshifter) (Elf:1)
  5 snapping turtles
  32 slime creatures
  5 tyrant leeches
  10 dream sheep
  2 centaur simulacra (D:14)
  32 culicivoras
  41 jumping spiders
  2 wraiths (D:10)
  4 wyverns
  33 yaks
  12 water elementals
  A human (Lair:5)
  6 fire elementals
  5 golden eyes
  A human (shapeshifter) (Vaults:1)
  Grum (D:9)
  2 vampire mosquitoes (D:13)
  5 basilisks
  A steam dragon (Lair:6)
  4 hogs (Lair:5)
  A basilisk (shapeshifter) (Elf:2)
  53 redbacks
  2 wargs
  A harpy simulacrum (IceCv)
  4 swamp worms (D:13)
  4 acid dragons
  11 water moccasins
  4 swamp drakes (Lair:6)
  21 orc warriors
  A hornet zombie (D:8)
  A sky beast (shapeshifter) (D:15)
  2 sky beasts
  2 ice beasts
  2 black bears
  8 ogres
  4 boggarts (Lair:6)
  23 wolves
  11 centaurs
  4 kobold brigands
  3 gnoll sergeants
  5 earth elementals
  14 bullfrogs
  A two-headed ogre simulacrum (IceCv)
  A scorpion (D:6)
  A wyvern zombie (D:5)
  5 killer bees (D:10)
  A howler monkey (D:6)
  10 electric eels
  4 centaur zombies
  2 hounds (D:5)
  A bullfrog skeleton (D:6)
  A gnoll shaman (D:5)
  12 orc priests
  A scorpion zombie (D:5)
  5 iguanas
  20 orc wizards
  12 human skeletons (Vaults:1)
  A polar bear simulacrum (IceCv)
  5 troll simulacra (IceCv)
  3 spriggan simulacra (IceCv)
  A hound skeleton (D:5)
  A howler monkey zombie (D:9)
  10 adders
  22 gnolls
  2 shadow imps
  3 white imps
  4 ufetubi
  A worm (D:2)
  5 dart slugs
  55 orcs
  4 bats
  7 endoplasms
  6 goblins
  9 hobgoblins
  9 jackals
  3 quokkas
  4 ball pythons
  3 frilled lizards (D:1)
  20 kobolds
  4 rats
  4 tentacles
1608 creatures vanquished.

Vanquished Creatures (collateral kills)
  An ironbound thunderhulk (Vaults:1)
  A dire elephant (Vaults:3)
  A lindwurm (Vaults:1)
  A cyclops (D:14)
  An eye of devastation (Slime:5)
  An ettin zombie (Vaults:4)
  A culicivora (Spider:2)
  A steam dragon (Lair:6)
  A wolf (Lair:3)
  An electric eel (D:8)
  Terence (D:2)
  An orc (D:10)
12 creatures vanquished.

Vanquished Creatures (others)
  A ghost moth (Spider:3)
  An orc priest (Orc:2)
  15 fungi
  173 plants
  8 tentacles
  5 withered plants (Gauntlet)
203 creatures vanquished.

Grand Total: 1823 creatures vanquished

Notes
Turn   | Place    | Note
-------+----------+-------------------------------------------
     0 | D:1      | freelancePsychic the Demonspawn Conjurer began the quest
                  | for the Orb.
     0 | D:1      | Reached XP level 1. HP: 13/13 MP: 3/3
   374 | D:1      | Gained mutation: You have a small tail. [demonic ancestry]
   374 | D:1      | Reached XP level 2. HP: 14/19 MP: 0/5
   554 | D:1      | Learned a level 2 spell: Searing Ray
   963 | D:1      | Gained mutation: A weak demonic guardian rushes to your
                  | aid. [demonic ancestry]
   963 | D:1      | Reached XP level 3. HP: 25/25 MP: 3/6
  1387 | D:2      | Reached skill level 1 in Fighting
  1390 | D:2      | Gained mutation: You sometimes gain a little power by
                  | taking damage. [demonic ancestry]
  1390 | D:2      | Reached XP level 4. HP: 32/32 MP: 0/8
  1723 | D:2      | Found a faded altar of an unknown god.
  2514 | D:3      | Noticed Terence
  2535 | D:2      | Killed Terence
  2536 | D:2      | Reached skill level 5 in Conjurations
  2536 | D:2      | Gained mutation: You are partially covered in razor-sharp
                  | scales. (AC +1, Slay +1) [demonic ancestry]
  2536 | D:2      | Reached XP level 5. HP: 7/38 MP: 9/9
  3416 | D:3      | Found a runed translucent door.
  3417 | D:3      | Noticed Crazy Yiuf
  3602 | D:3      | Found a radiant altar of Vehumet.
  3656 | D:3      | Became a worshipper of Vehumet
  3872 | D:4      | Found a staircase to the Ecumenical Temple.
  3872 | D:4      | You fall into a shaft and drop 1 floor!
  3872 | D:5      | Entered Level 5 of the Dungeon
  4034 | D:4      | Learned a level 4 spell: Sticky Flame
  4129 | D:4      | Reached XP level 6. HP: 43/46 MP: 2/11
  4346 | D:4      | Found a runed translucent gate.
  4351 | D:4      | Found a runed translucent gate.
  4351 | D:4      | Found a runed translucent gate.
  4499 | D:4      | Noticed knot's ghost (amateur DsBe)
  4728 | D:4      | Reached skill level 1 in Fire Magic
  4770 | D:4      | Noticed Eustachio
  4813 | D:4      | Got the Almanac of Toxins and Cold
  5428 | D:5      | Identified the +1 plate armour "Nerem" {rElec rCorr Str+6
                  | Stlth+}
  5448 | D:5      | Reached skill level 1 in Ice Magic
  5644 | D:5      | Gained mutation: You sometimes gain power by taking damage.
                  | [demonic ancestry]
  5644 | D:5      | Reached XP level 7. HP: 52/52 MP: 5/13
  5829 | D:5      | Reached skill level 2 in Ice Magic
  6894 | D:6      | Found a runed translucent door.
  7017 | D:6      | Found Tupnaman's Tempting Trifles.
  7024 | D:6      | Bought a +0 troll leather armour for 180 gold pieces
  7162 | D:6      | Reached * piety under Vehumet
  7162 | D:6      | Offered knowledge of Sandblast by Vehumet.
  7407 | D:6      | Noticed a steam dragon
  7775 | D:7      | Reached skill level 3 in Ice Magic
  7775 | D:7      | Reached skill level 1 in Air Magic
  7775 | D:7      | Gained mutation: Your presence sometimes corrodes those you
                  | injure. [demonic ancestry]
  7775 | D:7      | Reached XP level 8. HP: 57/61 MP: 6/14
  7934 | D:7      | Reached skill level 5 in Fighting
  8464 | D:7      | Found a hazy altar of Hepliaklqana.
  8683 | D:8      | Found Xesarass's Antique Armour Shoppe.
  8713 | D:8      | Reached skill level 4 in Ice Magic
  8823 | D:8      | Bought a pair of embroidered boots for 210 gold pieces
  8886 | D:8      | Learned a level 5 spell: Freezing Cloud
  8988 | D:8      | Reached XP level 9. HP: 69/69 MP: 11/15
  9161 | D:8      | Noticed Erica
  9208 | D:8      | Offered knowledge of Poisonous Vapours by Vehumet.
  9367 | D:8      | Reached skill level 5 in Ice Magic
  9472 | D:8      | Reached ** piety under Vehumet
  9615 | D:8      | Found a shadowy altar of Dithmenos.
 10206 | D:9      | Found a sparkling altar of Nemelex Xobeh.
 10266 | D:9      | Found a staircase to the Lair.
 10439 | D:9      | Reached skill level 5 in Spellcasting
 10522 | D:9      | Noticed Harold
 10650 | D:10     | Entered Level 10 of the Dungeon
 10856 | D:10     | Noticed Nergalle
 10874 | D:10     | Killed Nergalle
 10875 | D:10     | Reached skill level 5 in Air Magic
 10875 | D:10     | Gained mutation: You are mostly covered in razor-sharp
                  | scales. (AC +2, Slay +2) [demonic ancestry]
 10875 | D:10     | Reached XP level 10. HP: 34/76 MP: 0/18
 11005 | D:10     | Found a bloodstained altar of Trog.
 11030 | D:10     | Noticed Sonja
 11098 | D:10     | Reached skill level 6 in Ice Magic
 11193 | D:10     | Found Xoxy's Antique Weapon Emporium.
 12392 | D:11     | Noticed a manticore
 12493 | Lair:1   | Entered Level 1 of the Lair of Beasts
 12591 | Lair:1   | Noticed a black mamba
 12678 | Lair:1   | Noticed an eight-headed hydra
 12711 | Lair:1   | Killed an eight-headed hydra
 13094 | Lair:1   | Killed a black mamba
 13094 | Lair:1   | Offered knowledge of Mephitic Cloud by Vehumet.
 13260 | Lair:1   | You fall into a shaft and drop 1 floor!
 13260 | Lair:2   | Noticed a cane toad
 13264 | Lair:2   | Killed a cane toad
 13265 | Lair:2   | Reached skill level 7 in Ice Magic
 13580 | Lair:2   | Noticed a cane toad
 13581 | Lair:2   | Noticed a black mamba
 13583 | Lair:2   | Killed a cane toad
 13584 | Lair:2   | Reached XP level 11. HP: 49/81 MP: 18/21
 13586 | Lair:2   | Reached *** piety under Vehumet
 14414 | Lair:3   | Noticed Urug
 14418 | Lair:3   | Killed Urug
 14419 | Lair:3   | Reached skill level 10 in Conjurations
 14419 | Lair:3   | Found a frozen archway.
 14433 | IceCv    | Entered an ice cave
 14435 | IceCv    | Identified a scroll of acquirement
 14441 | IceCv    | Acquired a staff of cold
 14475 | IceCv    | Learned a level 4 spell: Sticky Flame
 14517 | IceCv    | Reached skill level 8 in Ice Magic
 14627 | IceCv    | Offered knowledge of Stone Arrow by Vehumet.
 15157 | Lair:3   | Reached **** piety under Vehumet
 15187 | Lair:3   | Offered knowledge of Airstrike by Vehumet.
 15188 | Lair:3   | Reached XP level 12. HP: 92/92 MP: 24/24
 15387 | Lair:3   | Reached skill level 9 in Ice Magic
 15389 | Lair:3   | Reached skill level 5 in Dodging
 15943 | Lair:4   | Found a staircase to the Shoals.
 16104 | Lair:4   | Found a hole to the Spider Nest.
 16106 | Lair:4   | Noticed Nessos
 16109 | Lair:4   | Noticed Nessos
 16109 | Lair:4   | Nessos changed into Nessos the glowing orange brain
 16113 | Lair:4   | Killed Nessos the glowing orange brain
 16220 | Lair:5   | Noticed a four-headed hydra
 16230 | Lair:5   | Killed a four-headed hydra
 16366 | Lair:5   | Reached skill level 10 in Ice Magic
 16466 | Lair:5   | Noticed Kirke
 16474 | Lair:5   | Reached ***** piety under Vehumet
 16475 | Lair:5   | Killed Kirke
 16475 | Lair:5   | Offered knowledge of Ozocubu's Refrigeration by Vehumet.
 16476 | Lair:5   | Reached skill level 10 in Fighting
 16486 | Lair:5   | Learned a level 7 spell: Ozocubu's Refrigeration
 16534 | Lair:5   | Found a viscous altar of Jiyva.
 16535 | Lair:5   | Found a staircase to the Slime Pits.
 16561 | Lair:5   | Gained mutation: You are completely covered in razor-sharp
                  | scales. (AC +3, Slay +3) [demonic ancestry]
 16561 | Lair:5   | Reached XP level 13. HP: 103/103 MP: 17/25
 16709 | Lair:5   | Noticed Snorg
 16715 | Lair:5   | Killed Snorg
 17476 | Lair:6   | Entered Level 6 of the Lair of Beasts
 17967 | Lair:6   | Found a runed translucent door.
 18037 | Lair:6   | Reached skill level 11 in Ice Magic
 18209 | Lair:6   | Noticed a fire dragon
 18217 | Lair:6   | Killed a fire dragon
 18547 | Lair:6   | Paralysed by a hornet for 1 turns
 18971 | D:9      | Noticed Grum
 18976 | D:9      | Killed Grum
 19017 | D:9      | Noticed Joseph
 19023 | D:9      | Killed Joseph
 19047 | D:9      | Killed Harold
 19221 | D:9      | Reached skill level 12 in Ice Magic
 19624 | D:11     | Offered knowledge of Lee's Rapid Deconstruction by Vehumet.
 20657 | D:12     | Reached XP level 14. HP: 113/113 MP: 7/26
 20845 | D:12     | Found a staircase to the Orcish Mines.
 21724 | Orc:1    | Entered Level 1 of the Orcish Mines
 21729 | Orc:1    | Noticed Erolcha
 21733 | Orc:1    | Killed Erolcha
 21740 | Orc:1    | Noticed Fannar
 21761 | Orc:1    | Killed Fannar
 22006 | Orc:2    | Entered Level 2 of the Orcish Mines
 22202 | Orc:2    | Reached skill level 13 in Ice Magic
 22382 | Orc:2    | Offered knowledge of Starburst by Vehumet.
 22449 | Orc:2    | Found Hixuequefy's Magic Scroll Shop.
 22449 | Orc:2    | Found Bonnis's Antique Armour Emporium.
 22451 | Orc:2    | Found Duitaso's Assorted Antiques.
 22451 | Orc:2    | Found Lifah's Antique Armour Shop.
 22458 | Orc:2    | Bought a distressingly furry ring mail for 261 gold pieces
 22458 | Orc:2    | Identified the +5 ring mail of Activism {rC+ Str+6 Dex+6}
                  | (You bought it in a shop on level 2 of the Orcish Mines)
 22463 | Orc:2    | Bought a scroll of blinking for 202 gold pieces
 22525 | Orc:2    | Found a staircase to the Elven Halls.
 22700 | Elf:1    | Entered Level 1 of the Elven Halls
 23263 | D:13     | Found Jevvomn's Antique Weapon Shop.
 23342 | D:13     | Reached skill level 10 in Dodging
 23868 | D:14     | Found a gate leading to a gauntlet.
 23871 | D:14     | Reached skill level 14 in Ice Magic
 23885 | Gauntlet | Entered a Gauntlet
 23885 | Gauntlet | Found a transporter.
 23885 | Gauntlet | Found a transporter.
 23918 | Gauntlet | Found a transporter.
 23922 | Gauntlet | Found a transporter.
 23930 | Gauntlet | Found a transporter.
 23934 | Gauntlet | Found a transporter.
 23938 | Gauntlet | Found a runed translucent door.
 23940 | Gauntlet | Found a runed translucent door.
 23942 | Gauntlet | Found a transporter.
 23959 | Gauntlet | Found a transporter.
 23977 | Gauntlet | Found a transporter.
 23978 | Gauntlet | Found a transporter.
 23986 | Gauntlet | Found a transporter.
 23990 | Gauntlet | Found a transporter.
 24033 | Gauntlet | Paralysed by a hornet for 3 turns
 24128 | Gauntlet | Identified the ring "Qaecon" {*Slow +Blink rC++ rCorr SInv}
 24184 | Gauntlet | Identified the -4 helmet of Tan Ziat {rCorr}
 24312 | D:14     | Reached XP level 15. HP: 122/122 MP: 14/27
 24568 | D:14     | Reached skill level 1 in Shields
 24799 | D:14     | Found a gate to the Vaults.
 24801 | D:14     | Offered knowledge of Spellforged Servitor by Vehumet.
 24985 | D:14     | Reached skill level 15 in Ice Magic
 25374 | D:15     | Entered Level 15 of the Dungeon
 25473 | D:15     | Found the ring of Shadows {Umbra +Inv Stlth+}
 25715 | D:15     | Found a staircase to the Depths.
 25964 | D:15     | Found a blossoming altar of Fedhas.
 26454 | Spider:1 | Entered Level 1 of the Spider Nest
 26464 | Spider:1 | Reached skill level 1 in Armour
 27220 | D:6      | Bought a book of Transfigurations for 480 gold pieces
 27220 | D:6      | Bought a manual of Transmutations for 960 gold pieces
 27226 | D:6      | Learned a level 5 spell: Irradiate
 27516 | Elf:1    | Reached skill level 1 in Transmutations
 27636 | Elf:1    | Noticed a deep elf sorcerer
 27638 | Elf:1    | Offered knowledge of Orb of Destruction by Vehumet.
 27640 | Elf:1    | Killed a deep elf sorcerer
 27649 | Elf:1    | Learned a level 7 spell: Orb of Destruction
 27729 | Elf:1    | Noticed a deep elf sorcerer
 27731 | Elf:1    | Killed a deep elf sorcerer
 28007 | Elf:1    | Reached skill level 5 in Transmutations
 28015 | Elf:1    | Gained mutation: You have a tail ending in a sharp stinger.
                  | [demonic ancestry]
 28015 | Elf:1    | Reached XP level 16. HP: 38/132 MP: 24/28
 28277 | Elf:1    | Found Upeereyno's Antique Weapon Boutique.
 28727 | Elf:1    | Reached skill level 16 in Ice Magic
 28814 | Elf:2    | Found Bapnizot's Distillery.
 29141 | Elf:2    | Found a runed translucent gate.
 29141 | Elf:2    | Found a runed translucent gate.
 29141 | Elf:2    | Found a runed translucent gate.
 29847 | Elf:2    | Identified the +1 robe "Riop" {rElec}
 29847 | Elf:2    | Identified the +1 leather armour "Eppukh" {Rampage rPois}
 29848 | Elf:2    | Got the Disquisition on Entrancing Shape Shifting
 30043 | Elf:3    | Entered Level 3 of the Elven Halls
 30085 | Elf:3    | Learned a level 9 spell: Polar Vortex
 30178 | Elf:3    | Offered knowledge of Iron Shot by Vehumet.
 30464 | Elf:3    | Noticed a deep elf blademaster
 30471 | Elf:3    | Killed a deep elf blademaster
 30472 | Elf:3    | Reached skill level 17 in Ice Magic
 30530 | Elf:3    | Identified the +3 mace of Kahuerageo {vorpal, rN+}
 30550 | Elf:3    | Reached XP level 17. HP: 140/140 MP: 8/30
 31060 | Elf:3    | Identified the ring of Ocit {rPois rN++ Will+}
 31060 | Elf:3    | Noticed a deep elf blademaster
 31069 | Elf:3    | Killed a deep elf blademaster
 31070 | Elf:3    | Reached skill level 10 in Spellcasting
 31198 | Elf:3    | Reached skill level 15 in Fighting
 31206 | Elf:3    | Identified the +5 whip of the Thirsty Bones {antimagic,
                  | rPois rF+ rC+ Str-5}
 31206 | Elf:3    | Identified the +1 swamp dragon scales "Oruumm" {rPois SInv}
 31206 | Elf:3    | Identified the amulet "Zent" {RegenMP Int+3 Dex+4 Slay+2
                  | Stlth-}
 31291 | Elf:3    | Got the Incunabulum of Fatigue
 31411 | Elf:3    | Identified the amulet "Mabluad" {Spirit Str+3 Dex-5 Slay+3}
 31474 | Elf:3    | Reached skill level 18 in Ice Magic
 31554 | Elf:3    | Noticed a deep elf master archer
 31557 | Elf:3    | Killed a deep elf master archer
 31732 | Elf:3    | Identified the amulet of Ytunno {Reflect Harm Dex+8 Slay-4
                  | SH+5 Stlth-}
 32271 | Shoals:1 | Entered Level 1 of the Shoals
 32418 | Shoals:1 | Offered knowledge of Conjure Ball Lightning by Vehumet.
 32483 | Shoals:1 | Identified the +5 shortbow of the Hummingbird {venom,
                  | rPois}
 32493 | Shoals:1 | Found Xuxeysmu's Jewellery Boutique.
 33226 | Shoals:2 | Found a sacrificial altar of Ru.
 33310 | Shoals:2 | Reached skill level 5 in Armour
 33532 | Shoals:2 | Reached skill level 19 in Ice Magic
 33731 | Shoals:2 | Noticed a kraken
 33737 | Shoals:2 | Killed a kraken
 34041 | Shoals:3 | Noticed Donald
 34045 | Shoals:2 | Killed Donald
 34440 | Shoals:3 | Noticed a kraken
 34448 | Shoals:3 | Killed a kraken
 34620 | Shoals:3 | Gained mutation: You have a sharp stinger which inflicts
                  | weakening toxins. [demonic ancestry]
 34620 | Shoals:3 | Reached XP level 18. HP: 149/149 MP: 26/32
 34717 | Shoals:4 | Entered Level 4 of the Shoals
 34882 | Shoals:4 | Reached skill level 5 in Shields
 35074 | Shoals:4 | Got a barnacled rune of Zot
 35283 | Shoals:4 | Identified the +0 scale mail "Wiriafiu" {rF+ rC+ Int+4}
 35388 | Shoals:4 | Reached ****** piety under Vehumet
 35748 | Spider:1 | Reached skill level 10 in Shields
 35748 | Spider:1 | Reached skill level 20 in Ice Magic
 36103 | Spider:1 | Offered knowledge of Fire Storm by Vehumet.
 36103 | Spider:1 | Offered knowledge of Shatter by Vehumet.
 36103 | Spider:1 | Offered knowledge of Chain Lightning by Vehumet.
 37237 | Spider:2 | Noticed Aizul
 37243 | Spider:2 | Killed Aizul
 37948 | Spider:3 | Reached XP level 19. HP: 155/155 MP: 31/33
 38779 | Spider:4 | Entered Level 4 of the Spider Nest
 39167 | Spider:4 | Reached skill level 21 in Ice Magic
 39269 | Spider:4 | Noticed Bai Suzhen
 39280 | Spider:4 | Killed Bai Suzhen
 39280 | Spider:4 | Gained mutation: You have hidden genetic defects.
                  | [mutagenic glow]
 39326 | Spider:3 | Lost mutation: You have hidden genetic defects. [potion of
                  | mutation]
 39326 | Spider:3 | Gained mutation: You are partially covered in large bone
                  | plates. (SH +4) [potion of mutation]
 39887 | Spider:4 | Got a gossamer rune of Zot
 40448 | Vaults:1 | Entered Level 1 of the Vaults
 40901 | Vaults:1 | Reached skill level 22 in Ice Magic
 40935 | Vaults:1 | Found Mymp's Weapon Shop.
 41198 | Vaults:1 | Reached XP level 20. HP: 162/162 MP: 23/34
 41629 | Vaults:1 | Reached skill level 23 in Ice Magic
 41960 | Vaults:2 | Found a staircase to the Crypt.
 41960 | Vaults:2 | Found a basalt altar of Yredelemnul.
 41960 | Vaults:2 | Found an ancient bone altar of Kikubaaqudgha.
 42788 | Vaults:2 | Reached skill level 24 in Ice Magic
 43601 | Vaults:3 | Gained mutation: You are powered by pain. [demonic
                  | ancestry]
 43601 | Vaults:3 | Reached XP level 21. HP: 143/168 MP: 35/35
 43876 | Vaults:3 | You fall into a shaft and drop 1 floor!
 44730 | Vaults:4 | Identified the +7 hand crossbow of Ravage {vorpal, rF++ rN+
                  | Int+4}
 45040 | Vaults:4 | Identified the +1 chain mail of Dishonour {rElec Stlth+}
 45265 | Vaults:3 | Reached skill level 10 in Armour
 45290 | Vaults:3 | Noticed Saint Roka
 45298 | Vaults:3 | Killed Saint Roka
 45634 | Vaults:3 | Noticed Sojobo
 45641 | Vaults:3 | Killed Sojobo
 46318 | Slime:1  | Entered Level 1 of the Pits of Slime
 46442 | Slime:5  | Entered Level 5 of the Pits of Slime
 46504 | Slime:5  | Gained mutation: You are frail. (-10% HP) [a shining eye]
 46748 | Slime:5  | Noticed the Royal Jelly
 46756 | Slime:5  | Killed the Royal Jelly
 46911 | Slime:5  | Identified the +7 hand crossbow "Ciunuon" {penet, rPois
                  | Dex+2}
 46924 | Slime:5  | Got a slimy rune of Zot
 46982 | Slime:5  | Identified the +3 ring mail of Conscience {Rampage}
 47330 | Depths:1 | Entered Level 1 of the Depths
 47330 | Depths:1 | Found a one-way gate to the infinite horrors of the Abyss.
 47613 | Orc:2    | Bought the +2 hood of the Assassin {Detection Stab+
                  | Stlth++} for 1980 gold pieces
 47613 | Orc:2    | Found the +2 hood of the Assassin {Detection Stab+ Stlth++}
 47647 | Orc:2    | Bought a staff of fire for 675 gold pieces
 47732 | Elf:2    | Bought a potion of haste for 200 gold pieces
 47732 | Elf:2    | Bought a potion of cancellation for 160 gold pieces
 47929 | Depths:2 | Reached XP level 22. HP: 162/162 MP: 33/38
 48070 | Depths:3 | Noticed a golden dragon
 48077 | Depths:3 | Killed a golden dragon
 48273 | Depths:4 | Entered Level 4 of the Depths
 48283 | Depths:4 | Noticed a golden dragon
 48285 | Depths:4 | Found a gate to the Realm of Zot.
 48288 | Depths:4 | Killed a golden dragon
 48323 | Zot:1    | Entered Level 1 of the Realm of Zot
 48332 | Zot:1    | HP: 3/163 [death cob (24)]
 48332 | Zot:1    | Mangled by a death cob

Illustrated notes

Levels and vault maps discovered:
D:1:      dpeg_arrival_brainrot, layout_basic, corner_web_ring
D:2:      layout_loops_corners, shapermc_ecumenical_altar_starsandcircs,
          minmay_pentomino_u2
D:3:      layout_basic, nicolae_overflow_crystal_walls, wad_rectangle_vault,
          uniq_terence, uniq_crazy_yiuf_cottage
D:4:      layout_gridville, temple_green, gammafunk_ghost_icy, uniq_eustachio
D:5:      layout_loops_ring
D:6:      layout_loops_cross, eino_small_chamber_without_monster,
          serial_park_tiny_pond, minmay_misc_feat_rows, nicolae_alphabet_shops,
          hangedman_abyss_or_decor_stagger, lightli_church_of_beogh
D:7:      layout_loops_ring, nzn_hepliaklqana_mist_gate
D:8:      layout_basic, nicolae_dithmenos_shadow_blocks, serial_shops, shop,
          chequers_big_river, minmay_misc_feat_more_columns, uniq_erica
D:9:      kennysheep_spiral_hall, layout_loops_cross,
          nemelex_diamond_rough_becter, dpeg_oklobed_lair, uniq_harold,
          uniq_grum, uniq_joseph
D:10:     layout_long_grid, nicolae_elyvilon_temple_path,
          mainiacjoe_overflow_six_doors_small, serial_shops,
          nicolae_square_shop, uniq_nergalle, uniq_sonja
D:11:     layout_basic, minivault_25_ag, st_stairs_11
D:12:     layout_grid_maze, orc_0_dummy
D:13:     layout_stronghold, serial_shops, shop, chequers_mini_garden,
          worms_lemuel
D:14:     giant_chief_lemuel, layout_rooms, lightli_vaults_fourway_checkpoint,
          moated_statue, gauntlet_entry_generic
D:15:     grunt_enter_depths_hoard, layout_rooms, fedhas_altar_fruit_tree,
          minivault_12
Lair:1:   layout_cave_pods
Lair:2:   layout_long_grid
Lair:3:   layout_regular_city, portal_ice_cave_entry_pillars_1, uniq_urug
Lair:4:   layout_big_grid, minmay_shoals_entry_hut, spider_nest_entry_rubble,
          uniq_nessos
Lair:5:   layout_layer_cave, slime_altar_1, minivault_19,
          chequers_serial_rivers_micro_c, uniq_kirke, uniq_snorg
Lair:6:   wormcave, layout_hall_layers, guppyfry_lair_end_dragon,
          kilobyte_rumbling_trees
Shoals:1: layout_shoals, serial_shops, nicolae_shop_hallway_stairs
Shoals:2: layout_shoals, lemuel_oklob_altar
Shoals:3: layout_shoals, nicolae_shoals_water_shrine, uniq_donald
Shoals:4: shoals_end_simple, layout_shoals, nicolae_shoals_mertower
Spider:1: layout_cave_pods, nicolae_spider_some_kinda_spiderbox
Spider:2: layout_cave_pods, uniq_aizul
Spider:3: layout_spider_delve, guppyfry_spider_mini_1
Spider:4: spider_rune_water, uniq_bai_suzhen
Slime:1:  layout_caves
Slime:2:  layout_caves, cheibrodos_slime_lost_civilization_4
Slime:3:  layout_caves
Slime:4:  layout_caves
Slime:5
Orc:1:    layout_caves, kennysheep_orc_chapel, uniq_fannar, uniq_erolcha
Orc:2:    grunt_orc_tribal_feast, layout_caves
Elf:1:    elf_arrival_002, layout_gridlike, serial_shops,
          nicolae_shop_behind_doors, hangedman_elf_represent, minivault_26,
          minmay_misc_feat_pillars
Elf:2:    nicolae_elf_blades_splatter_lattice
          [nicolae_blade_entry_hurt_lockers], layout_gridlike, serial_shops,
          nicolae_shop_advertising_works [nicolae_subvault_shop_adworks],
          minmay_the_grid_2x2 [minmay_the_grid_eight, minmay_the_grid_empty,
          minmay_the_grid_diamond_grid, minmay_the_grid_prize_shrinking_boxes]
Elf:3:    nooodl_elf_gasket, layout_geoelf_castle
Vaults:1: nicolae_vaults_little_squares_2, vaults_mumra_bighexcomb, v_pattern_5,
          v_misc_11, nicolae_vaults_theta, vaults_mumra_hexcomb,
          dpeg_vaults_monster_row, hangedman_vaults_slice, v_misc_12,
          vaults_dpeg_cross, vaults_dpeg_doors, v_misc_15,
          ontoclasm_vaults_ring_square, ontoclasm_vaults_loading_screen,
          layout_vaults_omnibox, serial_shops, nicolae_shop_hallway_plus
Vaults:2: minmay_crypt_entry_necro_gods, nicolae_vaults_specimen_jars,
          nicolae_vaults_puzzle_piece, vaults_dpeg_spiral, v_misc_16,
          ontoclasm_vaults_ligature, v_misc_33, v_pattern_3,
          nicolae_vaults_shelves_hall, layout_vaults_ring
Vaults:3: hangedman_vaults_nodes, vaults_mumra_minichess_inversion,
          vaults_room_boxed, nicolae_vaults_murderbox, v_alt_pattern_3,
          ontoclasm_vaults_spin, nicolae_vaults_sealed_display,
          nicolae_vaults_network_square, v_alt_pattern_3,
          nicolae_vaults_asterisk, vaults_room_semicircle,
          ontoclasm_vaults_shuriken, nicolae_vaults_little_squares_2,
          layout_vaults_maze, uniq_saint_roka, uniq_sojobo
Vaults:4: grunt_vaults_focal, nicolae_vaults_network_s, grunt_vaults_swirl,
          v_misc_4, ontoclasm_vaults_eye, hangedman_vaults_hat,
          nicolae_vaults_mini_display_case, nicolae_vaults_asterisk,
          vaults_dpeg_diagonal, nicolae_vaults_diagonal_hallway_6,
          vaults_room_hallway, layout_vaults_omnicross
Depths:1: layout_gridville, enter_ziggurat_b, serial_shops,
          nicolae_shop_competitors_out_of_business, abyss_entry, hellmouth_2,
          kennysheep_path_1, rand_demon_pan_entry_4, small_chamber_with_monster,
          kennysheep_treasure_room, serial_bayou_shore_a, uniq_enchantress,
          uniq_nikola
Depths:2: hangedman_elemental_death_ray, layout_cave_pools, abyss_entry,
          chequers_serial_rivers_small_b, rand_demon_pan_entry_1, serial_shops,
          nicolae_square_shop, hell_entry, statue_in_the_mist_lemuel,
          nicolae_uskayaw_dance_hall, minmay_staircase_bubble,
          serial_bayou_shore_b
Depths:3: evilmike_marble_ring, layout_gridville, abyss_entry,
          pf_dread_powers_of_hell, minivault_11, serial_bayou_shore_b
Depths:4: grunt_zot_entry_pinwheel, layout_twisted_cross, pf_coc_iceberg,
          serial_sigils_hangedman_stare, serial_shops, bzr_in_the_mist,
          grunt_ministairs_1
Zot:1:    ebering_greatest_show_in_zot, layout_concentric_octagons

Skill      XL: |  1  2  3  4  5  6  7  8  9 10 11 12 13 14 15 16 17 18 19 20 21 22 |
---------------+-------------------------------------------------------------------+-----
Fighting       | 1 2 3 4 5 6 8 10 11 12 13 14 15 16 17 | 17.4
Spellcasting   | 3 4 5 6 8 9 10 12 13 | 13.1
Conjurations   | 5 6 7 8 9 10 | 10.0
Fire Magic     | 2 3 |  3.0
Ice Magic      | 1 3 4 5 7 8 10 12 14 15 17 19 20 22 24 | 24.1
Air Magic      | 1 3 5 6 |  6.5
Dodging        | 4 7 8 10 11 | 11.1
Shields        | 3 4 12 14 | 14.3
Armour         | 2 6 7 12 | 12.5
Transmutations | 5 8 9 |  9.5
Stealth        | |  1.7

Action                   |  1- 3 |  4- 6 |  7- 9 | 10-12 | 13-15 | 16-18 | 19-21 | 22-24 || total
-------------------------+-------+-------+-------+-------+-------+-------+-------+-------++-------
Melee: Short sword       |    25 |    48 |     4 |       |       |       |       |       ||    77
       Tailslap          |     1 |    10 |    12 |    25 |    39 |    47 |   102 |     1 ||   237
       Whip              |       |       |   120 |    57 |       |       |       |       ||   177
       Punch             |       |       |     1 |     4 |     4 |       |       |       ||     9
       Staff             |       |       |       |    73 |   155 |   199 |   375 |    12 ||   814
 Cast: Magic Dart        |    20 |       |       |       |       |       |       |       ||    20
       Searing Ray       |    13 |    43 |    75 |    25 |     2 |       |       |       ||   158
       Freezing Cloud    |       |       |       |    82 |   179 |    67 |     6 |       ||   334
       Sticky Flame      |       |       |       |    20 |    42 |       |       |       ||    62
       Ozocubu's Refrige |       |       |       |       |   127 |   238 |   223 |    16 ||   604
       Irradiate         |       |       |       |       |     6 |   100 |    80 |    10 ||   196
       Orb of Destructio |       |       |       |       |       |     1 |       |       ||     1
       Polar Vortex      |       |       |       |       |       |       |    36 |     9 ||    45
Evoke: Wand              |       |       |     2 |     1 |       |       |     2 |       ||     5
  Use: Scroll            |       |     3 |     4 |    12 |    13 |     8 |     3 |     1 ||    44
       Potion            |       |       |       |       |       |     8 |     6 |       ||    14
 Stab: Sleeping          |       |       |     2 |       |       |     4 |       |       ||     6
       Distracted        |       |       |     1 |       |     1 |       |     1 |       ||     3
Armor: Robe              |     9 |    26 |    17 |       |       |       |       |       ||    52
       Troll leather arm |       |       |    86 |   137 |   185 |   161 |   167 |    32 ||   768
Dodge: Dodged            |    26 |    75 |   200 |   226 |   242 |   240 |   294 |    35 ||  1338
Block: Buckler           |       |       |       |       |    14 |    22 |       |       ||    36
       Kite shield       |       |       |       |       |       |   177 |   549 |    25 ||   751
       Reflection        |       |       |       |       |       |     7 |    63 |     3 ||    73

Table legend: (Time is in decaauts)
 A = Elapsed time spent in this place.
 B = Non-inter-level travel time spent in this place.
 C = Inter-level travel time spent in this place.
 D = Time resting spent in this place.
 E = Time spent auto-exploring this place.
 F = Levels seen in this place.
 G = Mean time per level.
                   A        B        C        D        E       F      G
               +--------+--------+--------+--------+--------+-----+--------+
         Total |  49096 |  44388 |   4708 |   2428 |  33240 |  50 |  981.9 |
       Dungeon |  19896 |  17489 |   2407 |    864 |  13848 |  15 | 1326.4 |
          Lair |   6906 |   6084 |    822 |    128 |   5018 |   6 | 1151.0 |
        Shoals |   3728 |   3550 |    178 |      0 |   3008 |   4 |  932.0 |
   Spider Nest |   4528 |   4311 |    217 |    404 |   2955 |   4 | 1132.0 |
    Slime Pits |    721 |    641 |     80 |    205 |      3 |   5 |  144.2 |
  Orcish Mines |   1535 |   1020 |    515 |     16 |    689 |   2 |  767.5 |
   Elven Halls |   4746 |   4485 |    261 |    290 |   3205 |   3 | 1582.0 |
        Vaults |   5677 |   5504 |    173 |     70 |   4223 |   4 | 1419.2 |
        Depths |    570 |    519 |     51 |    317 |      5 |   4 |  142.5 |
           Zot |     10 |     10 |      0 |      0 |      0 |   1 |   10.0 |
      Ice Cave |    369 |    369 |      0 |      0 |    152 |   1 |  369.0 |
      Gauntlet |    405 |    405 |      0 |    134 |    131 |   1 |  405.0 |
               +--------+--------+--------+--------+--------+-----+--------+

Top non-repeatable levels by time:
    D:10: 1938 daAuts
   Elf:3: 1883 daAuts
     D:8: 1662 daAuts
Vaults:3: 1640 daAuts
   Elf:1: 1546 daAuts
Vaults:1: 1487 daAuts
     D:5: 1478 daAuts
     D:2: 1471 daAuts
    D:11: 1412 daAuts
     D:9: 1411 daAuts
    D:12: 1410 daAuts
  Lair:5: 1401 daAuts
  Lair:6: 1382 daAuts
     D:4: 1380 daAuts
Vaults:2: 1366 daAuts
